 Dungeon Crawl Stone Soup version 0.30-a0-141-g30f27751c5 (console) character file.

Game seed: 18150588025064780109

357706 petzl the Eclecticist (level 23, -6/202 HPs)
             Began as a Formicid Hexslinger on Aug 29, 2022.
             Was the Champion of Vehumet.
             Mangled by a spark wasp (16 damage)
             ... on level 1 of the Depths on Sept 26, 2022.
             The game lasted 08:44:13 (77555 turns).

petzl the Eclecticist (Formicid Hexslinger)        Turns: 77555, Time: 08:44:14

Health: -6/202     AC: 14    Str: 16    XL:     23   Next: 40%
Magic:  47/55      EV: 13    Int: 25    God:    Vehumet [******]
Gold:   1813       SH: 18    Dex: 14    Spells: 18/60 levels left

rFire   . . .      SeeInvis +    g - +4 demon blade (elec)
rCold   . . .      Faith    .    l - +3 buckler {rPois}
rNeg    . . .      Spirit   .    v - +4 troll leather armour
rPois   +          Reflect  +    (helmet unavailable)
rElec   .          Harm     .    K - +2 cloak {Stlth+}
rCorr   .          Rampage  .    S - +2 pair of gloves
Will    +++..                    U - +0 pair of boots {Fly}
Stlth   +++++.....               k - amulet of reflection
HPRegen 1.23/turn                m - ring of willpower
MPRegen 0.34/turn                w - ring of Division {MP+9 Int+2}

@: flying, very slightly contaminated
A: permanent stasis, dig shafts and tunnels, antennae 3, four strong arms, claws
1, large bone plates 1, deformed body, robust 1
}: 2/15 runes: decaying, gossamer
a: Dig, Shaft Self, Renounce Religion


You were on level 1 of the Depths.
You worshipped Vehumet.
Vehumet was exalted by your worship.
You visited 10 branches of the dungeon, and saw 40 of its levels.

You collected 4259 gold pieces.
You spent 2446 gold pieces at shops.

Inventory:

Hand Weapons
 c - the +6 arbalest "Damnation" {damnation}
   (You found it on level 9 of the Dungeon)

   Any ammunition fired from it explodes in a burst of damnation on striking a
   foe, dealing damage which bypasses armour.
 e - the +4 war axe "Grim Tooth" {elec, Int+5, !f =f}
   (You found it on level 5 of the Lair of Beasts)

   It occasionally discharges a powerful burst of electricity upon striking a
   foe.
   Int:       It affects your intelligence (+5).
 f - a +3 scimitar of flaming
 g - a +4 demon blade of electrocution (weapon)
 p - a +2 flail of protection
 J - a +2 scimitar of electrocution
Missiles
 j - 12 curare-tipped darts
 I - a throwing net (quivered)
 V - 11 silver javelins
Armour
 l - a +3 buckler of poison resistance (worn)
 q - a scarf of repulsion
 v - a +4 troll leather armour (worn)
 K - a +2 cloak of stealth (worn)
 S - a +2 pair of gloves (worn)
 U - a +0 pair of boots of flying (worn)
Jewellery
 k - an amulet of reflection (around neck)
 m - a ring of willpower (left hand)
 o - the ring of Haal {Wiz Dex+7}
   (You bought it in a shop on level 4 of the Dungeon)

   [ring of wizardry]

   It improves your spell success rate.
   Dex:       It affects your dexterity (+7).
 w - the ring of Division (right hand) {MP+9 Int+2}
   (You found it on level 5 of the Dungeon)

   [ring of magical power]

   Int:       It affects your intelligence (+2).
   MP:        It affects your magic capacity (+9).
 y - a +4 ring of protection
 Y - a ring of protection from cold
Wands
 A - a wand of digging (25)
 F - a wand of roots (25)
 M - a wand of acid (10)
 T - a wand of flame (30)
 X - a wand of mindburst (14)
 Z - a wand of charming (22)
Scrolls
 a - a scroll of enchant armour
 d - a scroll of brand weapon
 i - 4 scrolls of magic mapping
 t - 5 scrolls of poison
 B - 6 scrolls of fear
 Q - 4 scrolls of fog
Potions
 b - a potion of brilliance
 h - 7 potions of ambrosia
 r - 5 potions of cancellation
 s - a potion of resistance
 C - 9 potions of curing
 N - 3 potions of magic
 R - 2 potions of heal wounds
Miscellaneous
 D - a phantom mirror
 L - a phantom mirror
 O - a phial of floods


   Skills:
 - Level 16.0 Fighting
 - Level 4.0 Long Blades
 - Level 6.0 Ranged Weapons
 - Level 4.0 Armour
 - Level 4.0 Dodging
 - Level 10.0 Stealth
 - Level 9.0 Shields
 - Level 19.1 Spellcasting
 - Level 18.0 Conjurations
 - Level 3.6 Hexes
 - Level 9.0 Necromancy
 - Level 4.0 Transmutations
 * Level 18.7 Fire Magic
 - Level 5.0 Ice Magic
 - Level 3.0 Air Magic
 - Level 5.0 Poison Magic
 - Level 4.0 Evocations


You had 18 spell levels left.
You knew the following spells:

 Your Spells              Type           Power      Damage    Failure   Level
a - Slow                  Hex            100%       N/A       1%          1
b - Freeze                Ice            100%       1d11      1%          1
c - Mephitic Cloud        Conj/Pois/Air  61%        N/A       1%          3
d - Fireball              Conj/Fire      43%        3d17      1%          5
m - Fire Storm            Conj/Fire      43%        8d11      36%         9
o - Orb of Destruction    Conj           42%        9d12      1%          7
s - Sticky Flame          Conj/Fire      86%        2d10      0%          4
u - Sublimation of Blood  Necr           62%        N/A       1%          2
A - Ozocubu's Armour      Ice            48%        N/A       1%          3
I - Ignite Poison         Fire/Tmut/Pois 63%        N/A       1%          3
T - Olgreb's Toxic Radia  Pois           48%        N/A       1%          4

Your spell library contained the following spells:

 Spells                   Type           Power      Damage    Failure   Level
 Chain Lightning          Conj/Air       33%        3d44      100%        9
 Shatter                  Erth           11%        3d12*     100%        9
 Scorch                   Fire           100%       2d10      0%          2
 Flame Wave               Conj/Fire      86%        2d18      0%          4
 Beastly Appendage        Tmut           86%        N/A       1%          1
 Necrotise                Necr           100%       1d9       1%          1
 Sandblast                Erth           46%        2d11      1%          1
 Shock                    Conj/Air       100%       1d9       1%          1
 Cigotuvi's Dreadful Rot  Necr/Pois/Air  100%       N/A       1%          2
 Ensorcelled Hibernation  Hex/Ice        90%        N/A       1%          2
 Passwall                 Tmut/Erth      27%        N/A       1%          2
 Poisonous Vapours        Pois/Air       86%        N/A       1%          2
 Wereblood                Tmut           43%        N/A       1%          2
 Dazzling Flash           Conj/Hex       100%       N/A       1%          3
 Frozen Ramparts          Ice            96%        1d15      1%          3
 Inner Flame              Hex/Fire       68%        N/A       1%          3
 Spider Form              Tmut/Pois      46%        N/A       1%          3
 Stone Arrow              Conj/Erth      100%       3d13      1%          3
 Hailstorm                Conj/Ice       69%        3d14      1%          4
 Iskenderun's Mystic Bla  Conj/Tloc      62%        2d13      1%          4
 Agony                    Necr           62%        N/A       1%          5
 Irradiate                Conj/Tmut      34%        3d23      1%          5
 Lightning Bolt           Conj/Air       33%        1d50      1%          5
 Starburst                Conj/Fire      43%        6d12      1%          6
 Apportation              Tloc           46%        N/A       2%          1
 Summon Small Mammal      Summ           92%        N/A       2%          1
 Airstrike                Air            19%        2d(3-19)  2%          4
 Ignition                 Fire           43%        3d13      2%          8
 Portal Projectile        Hex/Tloc       66%        N/A       3%          3
 Summon Guardian Golem    Hex/Summ       33%        N/A       3%          3
 Iron Shot                Conj/Erth      31%        9d6       3%          6
 Ice Form                 Ice/Tmut       46%        N/A       4%          4
 Cause Fear               Hex            21%        N/A       6%          4
 Call Canine Familiar     Summ           23%        N/A       9%          3
 Gell's Gravitas          Tloc           23%        N/A       9%          3
 Teleport Other           Tloc           23%        N/A       9%          3
 Petrify                  Tmut/Erth      33%        N/A       12%         4
 Leda's Liquefaction      Hex/Erth       16%        N/A       13%         4
 Metabolic Englaciation   Hex/Ice        22%        N/A       13%         5
 Summon Lightning Spire   Summ/Air       31%        N/A       14%         4
 Spellforged Servitor     Conj/Summ      31%        N/A       16%         7
 Lee's Rapid Deconstruct  Erth           11%        3d9*      19%         5
 Silence                  Hex/Air        20%        N/A       19%         5
 Simulacrum               Ice/Necr       28%        N/A       24%         6
 Manifold Assault         Tloc           23%        N/A       26%         4
 Statue Form              Tmut/Erth      22%        N/A       88%         6
 Dispersal                Tloc           11%        N/A       99%         6
 Summon Cactus Giant      Summ           11%        N/A       99%         6
 Storm Form               Tmut/Air       20%        N/A       99%         7
 Malign Gateway           Summ/Tloc      11%        N/A       100%        7
 Summon Hydra             Summ           11%        N/A       100%        7
 Maxwell's Capacitive Co  Air            19%        ∞         100%        8
 Summon Horrible Things   Summ           11%        N/A       100%        8
 Swiftness                Air            Unusable   N/A       N/A         3
 Blink                    Tloc           Unusable   N/A       N/A         2

Dungeon Overview and Level Annotations

Branches:
Dungeon (15/15)            Temple (1/1) D:7            Lair (5/5) D:9
  Swamp (4/4) Lair:3       Spider (4/4) Lair:2        Slime (1/5) Lair:4
    Orc (2/2) D:12            Elf (3/3) Orc:2        Vaults (1/5) D:13
 Depths (4/4) D:15            Zot (0/5) Depths:4

Altars:
Cheibriados
Dithmenos
Fedhas
Gozag
Hepliaklqana
Kikubaaqudgha
Nemelex Xobeh
Ru
Sif Muna
Uskayaw
Vehumet
Wu Jian
Yredelemnul
Zin
The Shining One
Jiyva
Lugonu

Shops:
D:4 =   D:5 *   D:7 [:((   D:8 ?   D:14 (   Orc:1 *(   Orc:2 [*([

Portals:
Hell: Depths:2 Depths:3 Depths:4
Abyss: Lair:5 Depths:3
Pandemonium: Depths:2
Trove: Depths:4 (give 2 scrolls of acquirement)

Annotations:
D:13 exclusion: downstairs
D:14 exclusion: downstairs
Lair:4 exclusion: downstairs
Elf:2 exclusion: downstairs
Depths:1 Margery
Depths:2 2 runed translucent doors, exclusion: upstairs
Depths:3 exclusion: 2 upstairs
Depths:4 exclusion: upstairs


Innate Abilities, Weirdness & Mutations

You cannot be hasted, slowed, berserked, paralysed or teleported.
You can dig through walls and to a lower floor.
You have a pair of large antennae on your head. (SInv)
Your four strong arms can wield two-handed weapons with a shield.
You have sharp fingernails.
You are partially covered in large bone plates. (SH +4)
Armour fits poorly on your strangely shaped body.
You are robust. (+10% HP)


Message History

Unknown command.
Unknown command.
Press: ? - help, v - describe, . - travel
Here: a spark wasp (heavily wounded, poisoned)
The floor.
Unknown command.
Unknown command.
Casting: Ignite Poison (safe; 1% risk of failure)
Confirm with . or Enter, or press ? or * to list all spells.
You ignite the poison in your surroundings!
The spark wasp seems to burn from within!!
The spark wasp is almost dead.
The spark wasp seems to burn from within!!
The spark wasp is moderately wounded.
The spark wasp seems to burn from within!
The spark wasp is moderately wounded.
You block the hell knight's attack.
A frost giant comes into view.
It is wielding a +0 battleaxe of freezing.
You block the spark wasp's attack.
The spark wasp attacks as you move away!
The spark wasp stings you.
* * * LOW HITPOINT WARNING * * *
The spark wasp shocks you!
* * * LOW HITPOINT WARNING * * *
You block the spark wasp's attack.
You feel much better.
Margery the Dragonslayer comes into view.
She is wielding a +1 demon whip of flaming.
You block the hell knight's attack. The spark wasp stings you!
* * * LOW HITPOINT WARNING * * *
The spark wasp shocks you!
* * * LOW HITPOINT WARNING * * *
Unknown command.
Unknown command.
Are you sure you want to shaft yourself?
You block the hell knight's attack.
The spark wasp stings you but does no damage.
You block the hell knight's attack. The spark wasp stings you!!
* * * LOW HITPOINT WARNING * * *
The spark wasp shocks you!
You die...

.y... { ... D.. ... ##'###
... #....#......
#.y..#...^..##
#.p..#.......#
#'#####y###.......+
........@........#
.................##
.................'#
.........).......#
.................###########
#######'##.>................
....#..................
.....#..>...............
.......#.[................
...... #..[......÷........
#### ##.....<............
#.........##'#######
#.........#....
#.........#.....#
#.........#..u..#
######).†......#...### {
#.......#[######...#
#.......#... ..u
#....[[.#.....


You could see an ice dragon (wandering), 2 spark wasps and a hell knight (fast,
very poisoned).

Vanquished Creatures
  Bai Suzhen (Spider:3)
  A golden dragon (Depths:2)
  Nikola (Swamp:1)
  Jorgrun (Swamp:3)
  A tentacled monstrosity (Depths:2)
  3 deep elf blademasters
  Rupert (Lair:3)
  Asterion (Spider:3)
  3 liches
  2 deep elf master archers (Elf:3)
  Gastronok (Lair:3)
  2 sphinxes (Depths:2)
  2 thorn hunters (Swamp:3)
  Roxanne (Swamp:1)
  A tengu reaver (Depths:4)
  A shadow dragon (Depths:3)
  8 frost giants
  The ghost of Akkar the Nimble, an adept GnMo of Makhleb (D:15)
  The ghost of Ceh Rif the Protected, an adept HuWn of Gozag (D:15)
  3 deep elf sorcerers
  7 ghost moths
  11 fire giants
  8 emperor scorpions
  A draconian scorcher (Depths:4)
  An orc warlord (Orc:2)
  A juggernaut zombie (Depths:3)
  2 ironbound preservers
  4 deep elf elementalists
  5 spriggan defenders
  A draconian annihilator (Depths:4)
  2 ghouls (Swamp:4)
  3 very ugly things
  The ghost of timneilson the Protected, a journeyman GrFi of Okawaru (Orc:1)
  3 broodmothers
  8 stone giants
  5 deep elf demonologists (Elf:3)
  A white draconian (Depths:4)
  3 vampire knights
  3 green draconians (Depths:4)
  An eleionoma (Swamp:1)
  A black draconian (Depths:4)
  4 entropy weavers
  6 spark wasps
  A yellow draconian (Depths:4)
  6 deep elf annihilators (Elf:3)
  A purple draconian (Depths:4)
  Snorg (Lair:5)
  11 bunyips
  Azrael (Spider:3)
  6 deep elf death magi
  Josephine (Lair:3)
  6 ettins
  7 fire dragons
  A shambling mangrove (Swamp:4)
  9 ice dragons
  3 vault guards (Depths:3)
  2 rakshasas (Depths:2)
  Fannar (D:10)
  9 boulder beetles
  A spriggan zombie (Depths:3)
  2 deep elf high priests (Elf:1)
  A ghost crab (Swamp:3)
  A radroach (Spider:4)
  Erica (D:8)
  9 centaur warriors
  3 ogre magi
  21 hydras
  An ironbound frostheart (Vaults:1)
  4 spriggan air magi (Depths:4)
  24 dancing weapons
  A death knight (D:15)
  5 deep troll shamans
  11 death yaks
  13 two-headed ogres
  6 hell hogs (Depths:4)
  3 tengu warriors
  10 deep troll earth magi
  13 spriggan berserkers
  11 alligators
  6 orc high priests
  A titan zombie (Depths:1)
  3 thrashing horrors (Lair:5)
  Urug (D:12)
  7 hell knights
  A soul eater (Depths:4)
  13 deep elf knights
  A sun demon (Depths:4)
  Amaemon (Lair:1)
  A pharaoh ant (Spider:3)
  3 sun moths
  4 iron trolls
  A skeletal warrior (D:15)
  4 steelbarb worms
  4 spriggan druids
  A death drake (Swamp:3)
  17 deep trolls
  3 goliath frogs
  2 flayed ghosts
  A glowing orange brain (Depths:4)
  16 deep elf archers
  13 orb spiders
  5 bog bodies
  3 orc knights
  10 swamp dragons
  A phantasmal warrior (D:14)
  3 wizards
  4 necromancers
  30 deep elf zephyrmancers
  A golden dragon skeleton (Depths:3)
  Pikel (D:5)
  30 deep elf pyromancers
  34 ugly things
  8 cyclopes
  4 orc sorcerers
  12 wolf spiders
  5 will-o-the-wisps
  3 manticores
  A wolf spider zombie (D:15)
  4 moths of wrath
  A fire giant skeleton (Depths:1)
  2 black mambas
  5 elephants
  3 gargoyles
  A centaur skeleton (D:15)
  8 smoke demons
  Maurice (D:8)
  An orange demon (Lair:1)
  11 cane toads
  A torpor snail (shapeshifter) (D:15)
  A hellion (Depths:4)
  5 torpor snails
  A kobold demonologist (D:12)
  A storm dragon simulacrum (Depths:1)
  2 rime drakes
  12 komodo dragons
  3 tengu conjurers
  2 freezing wraiths
  2 unseen horrors
  5 demonic crawlers
  5 polar bears
  8 trolls
  A queen bee (D:14)
  10 meliai
  2 ancient zymes (Lair:5)
  A wolf spider simulacrum (D:15)
  A bloated husk (Swamp:2)
  Prince Ribbit (D:6)
  10 tyrant leeches
  26 tarantellas
  27 blink frogs
  A tarantella (shapeshifter) (Elf:3)
  Grinder (D:6)
  12 hornets
  19 slime creatures
  7 dream sheep (Lair:3)
  29 culicivoras
  27 jumping spiders
  A centaur simulacrum (D:15)
  2 shadows
  10 spriggans
  8 water elementals
  3 air elementals
  A ynoxinul (Lair:5)
  12 wraiths
  40 yaks
  6 wyverns
  3 basilisks
  6 fire elementals
  61 redbacks
  7 vampire mosquitoes
  A neqoxec (D:10)
  3 steam dragons
  Grum (D:7)
  3 wargs (Orc:1)
  2 chaos spawn (Lair:5)
  Edmund (D:6)
  12 swamp worms
  A glowing shapeshifter zombie (Depths:3)
  A swamp worm (shapeshifter) (D:14)
  2 acid dragons
  A large abomination (Lair:5)
  13 water moccasins
  3 hell hounds (Spider:3)
  2 floating eyes (Depths:4)
  14 swamp drakes
  A sky beast (D:5)
  41 orc warriors
  2 black bears (D:5)
  11 ogres
  2 ice beasts (D:7)
  12 wolves
  3 boggarts
  11 centaurs
  4 lemures
  A kobold brigand (D:8)
  10 bullfrogs
  3 earth elementals
  5 gnoll sergeants
  A scorpion (D:7)
  A necrophage (Swamp:4)
  14 small abominations (Lair:5)
  6 wights
  37 killer bees
  6 howler monkeys
  3 electric eels (D:14)
  2 hounds
  2 jellies
  3 gnoll boudas
  28 orc priests
  2 quasits (D:10)
  A boggart zombie (D:15)
  25 orc wizards
  An iguana (D:7)
  5 adders
  21 gnolls
  2 white imps (D:7)
  An ufetubus (D:4)
  88 orcs
  3 bats
  8 endoplasms
  4 giant cockroaches
  8 hobgoblins
  3 quokkas
  3 training dummies (Orc:1)
  9 ball pythons
  2 frilled lizards
  5 goblins
  9 kobolds
  A rat (D:2)
  2 bushes (Depths:3)
  A butterfly (Lair:3)
1477 creatures vanquished.

Vanquished Creatures (collateral kills)
  A rakshasa (Depths:2)
1 creature vanquished.

Vanquished Creatures (others)
  An orc warrior (D:7)
  A shadow imp (D:7)
  21 bushes (Depths:3)
  2 demonic plants (D:10)
  A fire vortex (Depths:2)
  4 foxfires
  30 fungi
  59 plants
119 creatures vanquished.

Grand Total: 1597 creatures vanquished

Notes
Turn   | Place    | Note
-------+----------+-------------------------------------------
     0 | D:1      | petzl the Formicid Arcane Marksman began the quest for the
                  | Orb.
     0 | D:1      | Reached XP level 1. HP: 15/15 MP: 2/2
   126 | D:1      | Reached XP level 2. HP: 21/21 MP: 3/3
   210 | D:1      | Reached skill level 1 in Stealth
   577 | D:1      | Found a faded altar of an unknown god.
   751 | D:1      | Reached XP level 3. HP: 26/26 MP: 5/5
   937 | D:2      | Reached skill level 1 in Armour
  1885 | D:3      | Found a glowing golden altar of the Shining One.
  1921 | D:3      | Reached XP level 4. HP: 30/32 MP: 6/6
  1925 | D:3      | You fall into a shaft and drop 2 floors!
  1925 | D:5      | Entered Level 5 of the Dungeon
  1984 | D:5      | Noticed a black bear
  2122 | D:5      | Noticed a lemure
  2141 | D:5      | Killed a lemure
  2212 | D:5      | Noticed a centaur
  2228 | D:5      | Killed a centaur
  2229 | D:5      | Reached skill level 2 in Spellcasting
  2229 | D:5      | Reached XP level 5. HP: 22/39 MP: 3/8
  2370 | D:7      | Noticed a sky beast
  2370 | D:7      | Found Xizynopo's Book Shop.
  2520 | D:7      | Reached XP level 6. HP: 28/46 MP: 4/9
  2621 | D:7      | Noticed an orc warrior
  2667 | D:5      | Killed a sky beast
  2873 | D:4      | Noticed a steam dragon
  2917 | D:5      | Found an ancient bone altar of Kikubaaqudgha.
  2937 | D:5      | Got the Folio of the Enchanting Wind
  2942 | D:5      | Learned a level 3 spell: Mephitic Cloud
  3155 | D:3      | Reached skill level 1 in Poison Magic
  3163 | D:3      | You fall into a shaft and drop 1 floor!
  3402 | D:3      | You fall into a shaft and drop 1 floor!
  3424 | D:4      | Reached XP level 7. HP: 51/51 MP: 9/11
  3465 | D:3      | Reached skill level 1 in Shields
  3465 | D:3      | Reached skill level 1 in Conjurations
  4064 | D:3      | Found a sacrificial altar of Ru.
  4633 | D:4      | Found Puzam's Jewellery Emporium.
  4669 | D:4      | Reached skill level 3 in Spellcasting
  4669 | D:4      | Reached skill level 1 in Air Magic
  4967 | D:4      | Upgraded the game from 0.30-a0-40-gc6d0f036a7 to
                  | 0.30-a0-50-gb2d611f6b1
  5077 | D:5      | Identified the ring of Division {MP+9 Int+2}
  5262 | D:5      | Noticed Pikel
  5543 | D:5      | Found a hazy altar of Hepliaklqana.
  5590 | D:5      | Found Ledaox's Gadget Gallery.
  5954 | D:5      | Reached XP level 8. HP: 57/57 MP: 9/12
  6237 | D:5      | Killed Pikel
  6238 | D:5      | Reached skill level 4 in Spellcasting
  6407 | D:6      | Noticed Edmund
  6434 | D:6      | Killed Edmund
  6538 | D:6      | Found a shadowy altar of Dithmenos.
  6667 | D:6      | Noticed Grinder
  6724 | D:6      | Found a blossoming altar of Fedhas.
  6784 | D:6      | Killed Grinder
  6785 | D:6      | Reached XP level 9. HP: 59/62 MP: 12/15
  6940 | D:7      | Found Qase's Weapon Boutique.
  7004 | D:7      | Found Daoni's Antique Armour Shoppe.
  7031 | D:7      | Found Besier's Weapon Shop.
  7072 | D:7      | Found a staircase to the Ecumenical Temple.
  7168 | D:7      | You fall into a shaft and drop 1 floor!
  7493 | D:7      | Reached skill level 5 in Spellcasting
  7493 | D:7      | Reached skill level 5 in Conjurations
  7493 | D:7      | Reached skill level 5 in Poison Magic
  7867 | D:6      | Found a shimmering blue altar of Sif Muna.
  7976 | D:6      | Found a glowing silver altar of Zin.
  8053 | D:6      | Noticed Prince Ribbit
  8639 | D:6      | Reached skill level 1 in Evocations
  8924 | D:7      | Reached skill level 5 in Stealth
  9005 | D:7      | Reached XP level 10. HP: 71/71 MP: 16/18
  9588 | D:6      | Killed Prince Ribbit
 10069 | Temple   | Entered the Ecumenical Temple
 10144 | Temple   | Became a worshipper of Vehumet
 10579 | D:8      | Noticed Grum
 10712 | D:8      | Reached skill level 6 in Spellcasting
 11008 | D:8      | Found a basalt altar of Yredelemnul.
 11168 | D:10     | Entered Level 10 of the Dungeon
 11346 | D:8      | Noticed Erica
 11357 | D:8      | Gained mutation: You have large cloven feet. [potion of
                  | mutation]
 11357 | D:8      | Gained mutation: You have hidden genetic defects. [potion
                  | of mutation]
 11357 | D:8      | Gained mutation: Your system is resistant to poisons.
                  | (rPois) [potion of mutation]
 11357 | D:8      | Gained mutation: You are agile. (Dex +4, Str/Int -1)
                  | [potion of mutation]
 11368 | D:8      | Killed Erica
 11369 | D:8      | Reached skill level 5 in Fighting
 11396 | D:8      | Lost mutation: You are agile. (Dex +4, Str/Int -1) [hidden
                  | defects]
 11581 | D:8      | Found Muetui's Magic Scroll Boutique.
 11860 | D:9      | Noticed a two-headed ogre
 11881 | D:9      | Killed a two-headed ogre
 11890 | D:9      | Found a snail-covered altar of Cheibriados.
 11988 | D:9      | Reached XP level 11. HP: 80/80 MP: 19/21
 12040 | D:9      | Gained mutation: Your body sometimes deteriorates upon
                  | taking damage. [hidden defects]
 12040 | D:9      | Lost mutation: You have hidden genetic defects. [hidden
                  | defects expressed]
 12051 | D:9      | Found a staircase to the Lair.
 12124 | D:9      | Reached skill level 7 in Spellcasting
 12386 | D:7      | Bought the Grimoire of Scorched Clay for 480 gold pieces
 12391 | D:7      | Learned a level 4 spell: Sticky Flame
 12399 | D:7      | Learned a level 7 spell: Orb of Destruction
 12423 | D:7      | Reached skill level 1 in Fire Magic
 12523 | D:7      | Killed Grum
 12728 | D:8      | Noticed Maurice
 12746 | D:8      | Killed Maurice
 12834 | D:8      | Reached * piety under Vehumet
 12834 | D:8      | Offered knowledge of Sandblast by Vehumet.
 13264 | D:9      | Reached skill level 5 in Fire Magic
 13508 | D:9      | Noticed a deep elf knight
 13508 | D:9      | Noticed a centaur warrior
 13509 | D:9      | Found a runed translucent door.
 13511 | D:9      | Noticed a deep troll
 13511 | D:9      | Noticed a flayed ghost
 13511 | D:9      | Noticed a tengu warrior
 13511 | D:9      | Found the +6 arbalest "Damnation" {damnation}
 14227 | D:12     | Noticed Urug
 14243 | D:12     | Killed Urug
 14323 | D:12     | Noticed a manticore
 14419 | D:12     | Killed a manticore
 14429 | D:12     | Noticed a cyclops
 14782 | D:11     | Noticed a boulder beetle
 15188 | D:13     | Noticed a purple ugly thing
 15639 | D:10     | Noticed Fannar
 15772 | D:11     | Learned a level 1 spell: Freeze
 15803 | D:11     | Offered knowledge of Scorch by Vehumet.
 15806 | D:11     | Reached ** piety under Vehumet
 15807 | D:11     | Reached skill level 1 in Long Blades
 15849 | D:11     | Noticed a two-headed ogre
 15865 | D:11     | Killed a two-headed ogre
 15866 | D:11     | Reached XP level 12. HP: 56/89 MP: 8/23
 16091 | D:11     | Killed a boulder beetle
 16092 | D:11     | Reached skill level 8 in Spellcasting
 16425 | D:10     | Found an ornate altar of the Wu Jian Council.
 16873 | Lair:1   | Entered Level 1 of the Lair of Beasts
 17009 | Lair:1   | Noticed Amaemon
 17155 | Lair:1   | Killed Amaemon
 17442 | Lair:2   | Noticed a death yak
 17442 | Lair:2   | Noticed a death yak
 17442 | Lair:2   | Noticed a death yak
 17442 | Lair:2   | Noticed a death yak
 17443 | Lair:2   | Noticed a death yak
 17483 | Lair:1   | Reached skill level 9 in Spellcasting
 17635 | Lair:1   | Offered knowledge of Conjure Flame by Vehumet.
 17640 | Lair:1   | Learned a level 7 spell: Conjure Flame
 17986 | Lair:2   | Found a hole to the Spider Nest.
 18070 | Lair:1   | Noticed a boulder beetle
 18100 | Lair:1   | Reached *** piety under Vehumet
 18187 | Lair:1   | Killed a boulder beetle
 18188 | Lair:1   | Reached skill level 10 in Conjurations
 18977 | D:8      | Bought a scroll of magic mapping for 90 gold pieces
 18977 | D:8      | Bought a scroll of identify for 24 gold pieces
 18977 | D:8      | Bought a scroll of identify for 24 gold pieces
 18977 | D:8      | Bought a scroll of identify for 24 gold pieces
 18984 | D:8      | Bought a scroll of enchant weapon for 90 gold pieces
 19040 | D:7      | Bought a smelly leather armour for 182 gold pieces
 19040 | D:7      | Identified the +3 leather armour of the Fiddle {rF+ Int+2}
                  | (You bought it in a shop on level 7 of the Dungeon)
 19270 | D:10     | Noticed a two-headed ogre
 19285 | D:10     | Killed a two-headed ogre
 19286 | D:10     | Reached skill level 10 in Spellcasting
 19286 | D:10     | Reached XP level 13. HP: 98/98 MP: 25/27
 19308 | D:10     | Killed Fannar
 19439 | D:10     | Offered knowledge of Olgreb's Toxic Radiance by Vehumet.
 19448 | D:10     | Learned a level 4 spell: Olgreb's Toxic Radiance
 20661 | D:12     | Noticed a boulder beetle
 20772 | D:12     | Noticed a seven-headed hydra
 20870 | D:11     | Killed a boulder beetle
 21112 | D:12     | Found a staircase to the Orcish Mines.
 21134 | D:12     | Reached **** piety under Vehumet
 21135 | D:12     | Reached skill level 11 in Spellcasting
 21182 | D:12     | Noticed a boulder beetle
 21186 | D:12     | Offered knowledge of Ignite Poison by Vehumet.
 21250 | D:12     | Killed a boulder beetle
 21258 | D:12     | Noticed a centaur warrior
 21583 | D:12     | Killed a centaur warrior
 21924 | D:12     | Noticed an ogre mage
 22987 | D:14     | Noticed a centaur warrior
 23084 | D:12     | Killed a seven-headed hydra
 23749 | D:13     | Noticed a centaur warrior
 23963 | D:9      | You fall into a shaft and drop 2 floors!
 24321 | D:9      | Killed a centaur warrior
 24322 | D:9      | Reached skill level 12 in Spellcasting
 24322 | D:9      | Reached XP level 14. HP: 50/109 MP: 19/30
 24327 | D:9      | You fall into a shaft and drop 2 floors!
 24853 | D:9      | Identified the amulet "Soruhih" {Faith Fly rElec}
 24927 | D:9      | Learned a level 3 spell: Ignite Poison
 25005 | Lair:2   | Reached skill level 1 in Transmutations
 25321 | Lair:1   | You fall into a shaft and drop 1 floor!
 25353 | Lair:2   | Reached skill level 1 in Ice Magic
 25955 | Lair:2   | Reached skill level 10 in Fighting
 26488 | Lair:3   | Noticed Gastronok
 26500 | Lair:3   | Killed Gastronok
 26663 | Lair:3   | Noticed Rupert
 26675 | Lair:3   | Killed Rupert
 26675 | Lair:3   | Reached ***** piety under Vehumet
 26692 | Lair:3   | Offered knowledge of Irradiate by Vehumet.
 26716 | Lair:3   | Noticed Josephine
 26792 | Lair:3   | Killed Josephine
 27540 | Lair:5   | Entered Level 5 of the Lair of Beasts
 28668 | Lair:2   | Reached XP level 15. HP: 109/112 MP: 27/31
 29418 | Lair:3   | Found a staircase to the Swamp.
 29722 | Lair:4   | Found a runed translucent door.
 29727 | Lair:4   | Found a viscous altar of Jiyva.
 29728 | Lair:4   | Found a staircase to the Slime Pits.
 30197 | Lair:5   | Noticed Snorg
 30220 | Lair:5   | Reached skill level 13 in Spellcasting
 31101 | Lair:5   | Found a sacrificial altar of Ru.
 31208 | Lair:5   | Killed Snorg
 31627 | Lair:5   | Offered knowledge of Yara's Violent Unravelling by Vehumet.
 33909 | Lair:5   | Identified the +3 ring mail of Okawaru's Respect {rCorr
                  | Int+2}
 34014 | Lair:5   | Reached skill level 14 in Spellcasting
 34186 | Lair:5   | Found a corrupted altar of Lugonu.
 34186 | Lair:5   | Found a one-way gate to the infinite horrors of the Abyss.
 34200 | Lair:5   | Identified the +4 war axe "Grim Tooth" {elec, Int+5}
 34333 | Slime:1  | Entered Level 1 of the Pits of Slime
 34333 | Slime:1  | Noticed an azure jelly
 34397 | Swamp:1  | Entered Level 1 of the Swamp
 34638 | Spider:1 | Entered Level 1 of the Spider Nest
 34936 | Spider:1 | Reached XP level 16. HP: 114/127 MP: 33/34
 35244 | Spider:1 | Identified the +9 morningstar "Asekh" {drain, Dex+3}
 36150 | D:13     | Found a gate to the Vaults.
 36648 | D:14     | Reached skill level 15 in Spellcasting
 36812 | D:14     | Found Plog's Antique Weapon Shoppe.
 36909 | D:15     | Entered Level 15 of the Dungeon
 37839 | D:7      | Bought a book of Blood for 280 gold pieces
 37843 | D:7      | Learned a level 3 spell: Ozocubu's Armour
 37846 | D:7      | Learned a level 2 spell: Sublimation of Blood
 37983 | Orc:1    | Entered Level 1 of the Orcish Mines
 38286 | Orc:2    | Entered Level 2 of the Orcish Mines
 38286 | Orc:2    | Found a staircase to the Elven Halls.
 38643 | Orc:1    | Offered knowledge of Lightning Bolt by Vehumet.
 38812 | Orc:2    | Upgraded the game from 0.30-a0-50-gb2d611f6b1 to
                  | 0.30-a0-55-g90e3122c3a
 39279 | Orc:2    | Found Wyschot's General Store.
 39279 | Orc:2    | Found Mekhuy Laot's Antique Armour Emporium.
 39279 | Orc:2    | Found Biamiw's Antique Weapon Shoppe.
 39282 | Orc:2    | Found Poclik's Armour Shoppe.
 39318 | Orc:2    | Bought a pair of glowing boots for 202 gold pieces
 39686 | Orc:1    | Found Boigrucau's Firing Range.
 40108 | Orc:1    | Found a runed translucent gate.
 40109 | Orc:1    | Found a runed translucent gate.
 40110 | Orc:1    | Found a runed translucent gate.
 40111 | Orc:1    | Found an opulent altar of Gozag.
 40113 | Orc:1    | Noticed timneilson's ghost (journeyman GrFi)
 40115 | Orc:1    | Found Tiuptic's Assorted Antiques.
 40158 | Orc:1    | You are sucked into a shaft and drop 1 floor!
 40315 | Orc:1    | Killed timneilson's ghost
 40421 | Orc:1    | Bought a crude scale mail for 243 gold pieces
 40421 | Orc:1    | Identified the +1 scale mail of Tiwkewao {rN++} (You bought
                  | it in a shop on level 1 of the Orcish Mines)
 40805 | D:14     | Reached skill level 16 in Spellcasting
 41015 | D:14     | Offered knowledge of Iron Shot by Vehumet.
 41051 | D:14     | Reached XP level 17. HP: 137/137 MP: 30/37
 41812 | D:14     | Bought a warped flail for 187 gold pieces
 41812 | D:14     | Identified the +8 flail of Corruption {vamp, Drain rCorr
                  | Dex+5} (You bought it in a shop on level 14 of the Dungeon)
 41876 | D:15     | Found an ornate altar of the Wu Jian Council.
 41959 | D:14     | Upgraded the game from 0.30-a0-55-g90e3122c3a to
                  | 0.30-a0-121-gb27577e5d9
 41968 | D:14     | Learned a level 6 spell: Iron Shot
 42133 | D:13     | Lost mutation: You have large cloven feet. [potion of
                  | mutation]
 42133 | D:13     | Lost mutation: Your system is resistant to poisons. (rPois)
                  | [potion of mutation]
 42133 | D:13     | Gained mutation: You are partially covered in large bone
                  | plates. (SH +4) [potion of mutation]
 42133 | D:13     | Gained mutation: Your mind is acute. (Int +4, Str/Dex -1)
                  | [potion of mutation]
 42134 | D:13     | Lost mutation: Your body sometimes deteriorates upon taking
                  | damage. [potion of mutation]
 42134 | D:13     | Lost mutation: Your mind is acute. (Int +4, Str/Dex -1)
                  | [potion of mutation]
 42134 | D:13     | Gained mutation: You are frail. (-10% HP) [potion of
                  | mutation]
 42134 | D:13     | Gained mutation: You are partially covered in iridescent
                  | scales. (AC +2) [potion of mutation]
 42134 | D:13     | Gained mutation: You occasionally lose the ability to read
                  | scrolls when taking damage. [potion of mutation]
 42134 | D:13     | Gained mutation: You are mostly covered in iridescent
                  | scales. (AC +4) [potion of mutation]
 42135 | D:13     | Lost mutation: You occasionally lose the ability to read
                  | scrolls when taking damage. [potion of mutation]
 42135 | D:13     | Lost mutation: You are mostly covered in iridescent scales.
                  | (AC +4) [potion of mutation]
 42135 | D:13     | Lost mutation: You are partially covered in iridescent
                  | scales. (AC +2) [potion of mutation]
 42135 | D:13     | Gained mutation: You have sharp fingernails. [potion of
                  | mutation]
 42135 | D:13     | Gained mutation: Armour fits poorly on your strangely
                  | shaped body. [potion of mutation]
 42135 | D:13     | Gained mutation: You are clumsy. (Dex -2) [potion of
                  | mutation]
 42136 | D:13     | Lost mutation: You are clumsy. (Dex -2) [potion of
                  | mutation]
 42136 | D:13     | Lost mutation: You are frail. (-10% HP) [potion of
                  | mutation]
 42136 | D:13     | Gained mutation: You are robust. (+10% HP) [potion of
                  | mutation]
 42161 | D:13     | Upgraded the game from 0.30-a0-121-gb27577e5d9 to
                  | 0.30-a0-125-g51eefa89be
 42392 | D:15     | Reached skill level 1 in Necromancy
 43226 | D:15     | Found a staircase to the Depths.
 43450 | D:15     | Found a runed translucent gate.
 43450 | D:15     | Found a runed translucent gate.
 43450 | D:15     | Found a runed translucent gate.
 43663 | D:15     | Noticed Akkar's ghost (adept GnMo)
 43663 | D:15     | Noticed Ceh Rif's ghost (adept HuWn)
 43735 | Depths:1 | Entered Level 1 of the Depths
 44150 | Swamp:1  | Upgraded the game from 0.30-a0-125-g51eefa89be to
                  | 0.30-a0-135-g630cfc4551
 44314 | Swamp:1  | Noticed Nikola
 44343 | Swamp:1  | Noticed Roxanne
 44357 | Swamp:1  | Killed Roxanne
 44582 | Swamp:1  | Killed Nikola
 44872 | Swamp:1  | Reached ****** piety under Vehumet
 44872 | Swamp:1  | Offered knowledge of Fireball by Vehumet.
 44879 | Swamp:1  | Learned a level 5 spell: Fireball
 45444 | Swamp:2  | Reached skill level 15 in Conjurations
 45801 | Swamp:2  | Reached skill level 17 in Spellcasting
 45953 | Swamp:2  | You are sucked into a shaft and drop 1 floor!
 45973 | Swamp:3  | Noticed a thorn hunter
 45976 | Swamp:3  | You are sucked into a shaft and drop 1 floor!
 45976 | Swamp:4  | Entered Level 4 of the Swamp
 46463 | Swamp:2  | Reached XP level 18. HP: 154/160 MP: 31/39
 46469 | Swamp:3  | Reached skill level 5 in Ranged Weapons
 47522 | Swamp:3  | Noticed Jorgrun
 47545 | Swamp:3  | Killed Jorgrun
 48774 | Swamp:4  | Offered knowledge of Iskenderun's Battlesphere by Vehumet.
 50004 | Swamp:4  | Reached skill level 5 in Necromancy
 50735 | Swamp:4  | Got a decaying rune of Zot
 52196 | Spider:2 | Offered knowledge of Eringya's Noxious Bog by Vehumet.
 52299 | Spider:2 | You are sucked into a shaft and drop 1 floor!
 52332 | Spider:3 | Noticed Asterion
 52665 | Spider:2 | Reached XP level 19. HP: 168/168 MP: 35/40
 53916 | Spider:3 | Reached skill level 5 in Ice Magic
 53991 | Spider:3 | Noticed Bai Suzhen
 54131 | Spider:3 | Killed Asterion
 54378 | Spider:3 | Killed Bai Suzhen
 55561 | Spider:4 | Entered Level 4 of the Spider Nest
 55779 | Spider:3 | Reached skill level 15 in Fighting
 56257 | Spider:4 | Reached skill level 18 in Spellcasting
 56696 | Spider:4 | Offered knowledge of Fire Storm by Vehumet.
 56696 | Spider:4 | Offered knowledge of Shatter by Vehumet.
 56696 | Spider:4 | Offered knowledge of Chain Lightning by Vehumet.
 56888 | Spider:4 | Reached skill level 10 in Fire Magic
 58337 | Spider:4 | Reached XP level 20. HP: 130/179 MP: 15/42
 58491 | Spider:4 | Got a gossamer rune of Zot
 58719 | Spider:3 | Noticed Azrael
 58723 | Spider:3 | Killed Azrael
 59264 | D:13     | Upgraded the game from 0.30-a0-135-g630cfc4551 to
                  | 0.30-a0-141-g30f27751c5
 59458 | D:4      | Bought the ring of Haal {Wiz Dex+7} for 620 gold pieces
 59885 | Elf:1    | Entered Level 1 of the Elven Halls
 61333 | Elf:3    | Entered Level 3 of the Elven Halls
 61382 | Elf:3    | Reached skill level 5 in Shields
 62226 | Elf:3    | Noticed an Ice Fiend
 62887 | Elf:2    | Found a runed translucent gate.
 62887 | Elf:2    | Found a runed translucent gate.
 62887 | Elf:2    | Found a runed translucent gate.
 63697 | Elf:3    | Identified the +11 hand axe of Dried Tears {pain, rPois rF+
                  | rCorr Stlth-}
 63946 | Elf:3    | Identified the ring of Compassion {rF+ rC- Str+4 Stlth+}
 63953 | Elf:3    | Reached XP level 21. HP: 87/187 MP: 33/43
 64183 | Elf:3    | Identified the +5 hand axe "petzl's Peril" {venom, Str+2}
 64392 | Elf:3    | Identified the +6 whip "Emidor" {freeze, rCorr}
 64394 | Elf:3    | Identified the +3 ring mail "Poasat" {Drain rElec rC+++
                  | Stlth+}
 64710 | Elf:3    | Got the Atlas of Conflict
 64758 | Elf:3    | Identified a scroll of acquirement
 64825 | Elf:3    | Identified the +8 glaive "Molah" {flame, +Blink rC- rN+
                  | Str+6}
 65111 | Elf:2    | You are sucked into a shaft and drop 1 floor!
 65693 | Elf:2    | Reached skill level 10 in Stealth
 65878 | Elf:2    | You are sucked into a shaft and drop 1 floor!
 66773 | Vaults:1 | Entered Level 1 of the Vaults
 67244 | D:15     | Killed Ceh Rif's ghost
 67350 | D:15     | Killed Akkar's ghost
 67459 | D:15     | Identified the +5 sling "Tuntaym" {flame, rN+ rCorr}
 67649 | Depths:1 | You are sucked into a shaft and drop 1 floor!
 67652 | Depths:2 | You are sucked into a shaft and drop 2 floors!
 67652 | Depths:4 | Entered Level 4 of the Depths
 67946 | Depths:4 | Found a portal to a secret trove of treasure.
 68692 | Depths:4 | Learned a level 9 spell: Fire Storm
 68763 | Depths:4 | Reached skill level 19 in Spellcasting
 69230 | Depths:4 | Found a gateway to Hell.
 69427 | Depths:3 | Reached XP level 22. HP: 195/195 MP: 44/45
 71401 | Depths:4 | Reached skill level 15 in Fire Magic
 71805 | Depths:4 | Found a gate to the Realm of Zot.
 72793 | Depths:3 | You are sucked into a shaft and drop 1 floor!
 73545 | Depths:2 | Found a large runed translucent door.
 73547 | Depths:2 | Found a large runed translucent door.
 73548 | Depths:2 | Noticed a golden dragon
 73549 | Depths:2 | Found a large runed translucent door.
 73550 | Depths:2 | Found a large runed translucent door.
 73554 | Depths:2 | Found a large runed translucent door.
 73554 | Depths:2 | Found a large runed translucent door.
 74475 | Depths:2 | Found a one-way gate leading to the halls of Pandemonium.
 74569 | Depths:2 | You are sucked into a shaft and drop 1 floor!
 74572 | Depths:3 | You are sucked into a shaft and drop 1 floor!
 74760 | Depths:2 | You are sucked into a shaft and drop 2 floors!
 74896 | Depths:2 | You are sucked into a shaft and drop 1 floor!
 74899 | Depths:3 | You are sucked into a shaft and drop 1 floor!
 74972 | Depths:2 | You are sucked into a shaft and drop 2 floors!
 75186 | Depths:2 | Reached XP level 23. HP: 202/202 MP: 33/46
 75658 | Depths:2 | Found a large runed translucent door.
 75659 | Depths:2 | Found a large runed translucent door.
 76356 | Depths:2 | You are sucked into a shaft and drop 1 floor!
 76429 | Depths:2 | Killed a golden dragon
 76439 | Depths:2 | Got the Parchment of Guile and Conflagration
 76444 | Depths:2 | Identified the +6 plate armour of the Apprentice {Rampage}
 76697 | Depths:1 | You are sucked into a shaft and drop 1 floor!
 77331 | Depths:1 | You are sucked into a shaft and drop 1 floor!
 77554 | Depths:1 | Noticed Margery
 77555 | Depths:1 | HP: 10/202 [spark wasp (20)]
 77555 | Depths:1 | Mangled by a spark wasp

Illustrated notes

Levels and vault maps discovered:
D:1:      spicycebolla_green_bress_n_ham, layout_basic, basic_ecumenical_altar,
          nrook_uturn
D:2:      layout_rooms, serial_bayou, serial_bayou_pond_b, serial_bayou_pond_a,
          serial_bayou_ford_a, serial_bayou_lagoon_a
D:3:      layout_basic, general_overflow_altar,
          mainiacjoe_overflow_concentric_impassable, hangedman_feature_mirror,
          chequers_serial_rivers_micro_c, grunt_decor_resistance
D:4:      layout_basic, serial_shops, kennysheep_mini
D:5:      layout_layer_cave, nicolae_hepliaklqana_hippocampus,
          kiku_gazebo_pond_becter, nicolae_kite_square_tiling_tiny,
          nrook_loot_triangle, nicolae_zen_rock_garden, minivault_27,
          skrybe_limestone_x, serial_bayou_pond_c, nicolae_shop_gadgets,
          uniq_pikel
D:6:      layout_gridville, mainiacjoe_overflow_24_doors,
          mainiacjoe_overflow_boulevard, zin_scriptorium,
          mainiacjoe_overflow_alcove_4, uniq_edmund, uniq_prince_ribbit1,
          uniq_grinder
D:7:      minmay_s_stair_smasher, layout_loops_cross,
          minmay_temple_entry_junction, chequers_ossuary_entry_cave,
          serial_shops, shop, shop, nicolae_stop_n_shop_2, nicolae_stop_n_shop_2
D:8:      layout_loops_corners, mainiacjoe_overflow_small_starburst,
          serial_shops, nicolae_shop_hallway_plus, uniq_erica, uniq_maurice,
          uniq_grum
D:9:      minmay_gate_of_8, layout_irregular_city, lemuel_tele_altar,
          david_lair_shrubbed
D:10:     wander_river, layout_irregular_city, amcnicky_altar_gilded,
          serial_demonic, serial_demonic_d, serial_demonic_c, serial_demonic_e,
          serial_demonic_a, uniq_fannar
D:11:     layout_basic
D:12:     layout_loops_cross, david_orc_5, minmay_shattered_shrine, uniq_urug
D:13:     layout_loops_ring, skrybe_vaults_entry_preservation
D:14:     layout_basic, special_room [special_room_bee], serial_shops,
          nicolae_square_shop
D:15:     grunt_enter_depths_magical_seal, layout_irregular_city,
          gammafunk_ghost_cemetery, nzn_wu_jian_contemplation,
          minmay_variable_closet
Temple:   jpeg_temple_clearing
Lair:1:   layout_roguey, uniq_amaemon
Lair:2:   layout_concentric_octagons, spider_nest_entry_web_field,
          grunt_megastairs_1
Lair:3:   layout_chaotic_city, minmay_swamp_entry_worms,
          cheibrodos_lair_lostbears, lemuel_fruit_fields,
          infiniplex_staircase_pool_2, serial_bayou_shore_a, uniq_rupert,
          uniq_josephine, uniq_gastronok
Lair:4:   layout_hall_layers, slime_entry_2, beast_lair_carwin_7
Lair:5:   hellmonk_lair_end_abyssal_woods, layout_cave_pods, basic_altar,
          uniq_snorg
Swamp:1:  layout_basic_swamp, nicolae_swamp_dense_foliage, uniq_nikola,
          uniq_roxanne
Swamp:2:  layout_basic_swamp, evilmike_swamp_ruin_house_2
Swamp:3:  layout_basic_swamp, nicolae_swamp_tree_isthmus, uniq_jorgrun
Swamp:4:  swamp_basic_johnstein, layout_basic_swamp, swamp_pool1
Spider:1: layout_spider_delve
Spider:2: layout_spider_delve
Spider:3: layout_cave_pods, hangedman_spider_tarantella_strand, uniq_azrael,
          uniq_bai_suzhen, uniq_asterion
Spider:4: grunt_spider_rune_circles
Slime:1:  layout_caves, nicolae_slime_barrier
Orc:1:    layout_caves, ebering_ghost_gozag, nicolae_shop_firing_range
Orc:2:    st_orc_mages, layout_caves
Elf:1:    elf_arrival_002, layout_geoelf_octagon, kennysheep_underground_church,
          minmay_misc_feat_alley, solitary_fountain
Elf:2:    elven_hall_of_blades_hangedman_original [nicolae_blade_lattice],
          layout_geoelf_grid
Elf:3:    grunt_elf_hall_branching, layout_gridlike, nicolae_elf_big_sculpture_3
Vaults:1: v_rooms_5, v_misc_13, nicolae_vaults_disjoint_gnomons,
          vaults_mumra_chevron, grunt_vaults_trifunnel,
          ontoclasm_vaults_claustrophobia, ontoclasm_vaults_decontamination,
          ontoclasm_vaults_misaligned, dpeg_vaults_monster_box,
          ontoclasm_vaults_ring_square, vaults_dpeg_hooks,
          vaults_dpeg_emergency_exit, v_misc_13, layout_vaults_omnibox
Depths:1: layout_gridville, enter_ziggurat_e,
          nicolae_abyss_entry_one_way_or_another, pan_entry,
          nicolae_vehumet_altar_sigil, serial_shops, kennysheep_little_box,
          grunt_metal_band, kennysheep_okawaru_gauntlet
Depths:2: minmay_five_octagons, layout_basic, pan_entry, dk_noncrumbling_4,
          hell_entry
Depths:3: grated_community_mu [grated_community_mu_vampire_home,
          grated_community_mu_giant_home, grated_community_mu_spellcaster_home,
          grated_community_mu_orcish_home, grated_community_mu_troll_home,
          grated_community_mu_taur_home, grated_community_mu_unbuilt_plot],
          layout_long_grid, minmay_hedge_maze, pf_vacation_house_of_asmodeus,
          abyss_entry_glasseish, uniq_josephina
Depths:4: grunt_zot_entry_gee_three, layout_honeycomb,
          nicolae_trove_entry_crossroad, hellmouth_3, kennysheep_flooded_box,
          serial_bayou_shore_b, serial_bayou_shore_b

Skill      XL: |  1  2  3  4  5  6  7  8  9 10 11 12 13 14 15 16 17 18 19 20 21 22 23 |
---------------+----------------------------------------------------------------------+-----
Stealth        | 1 2 3 5 7 8 9 10 | 10.0
Dodging        | 2 4 |  4.0
Armour         | 1 2 4 |  4.0
Fighting       | 2 3 5 6 8 9 10 11 13 14 15 16 | 16.0
Spellcasting   | 2 3 4 5 6 7 10 12 14 16 17 18 19 | 19.1
Ranged Weapons | 3 4 6 |  6.0
Poison Magic   | 1 3 4 5 |  5.0
Shields        | 2 4 6 8 9 |  9.0
Conjurations   | 2 4 5 7 8 10 12 13 14 15 16 17 18 | 18.0
Air Magic      | 1 2 3 |  3.0
Evocations     | 2 4 |  4.0
Fire Magic     | 6 7 9 10 11 13 17 18 | 18.7
Long Blades    | 1 2 4 |  4.0
Transmutations | 4 |  4.0
Ice Magic      | 3 4 5 |  5.0
Necromancy     | 3 6 8 9 |  9.0
Hexes          | |  3.6

Action                   |  1- 3 |  4- 6 |  7- 9 | 10-12 | 13-15 | 16-18 | 19-21 | 22-24 || total
-------------------------+-------+-------+-------+-------+-------+-------+-------+-------++-------
Melee: Whip              |       |       |   162 |   111 |       |       |       |       ||   273
       Hand axe          |       |       |       |   276 |   153 |    36 |       |       ||   465
       Scimitar          |       |       |       |    99 |   104 |    77 |    21 |       ||   301
       Flail             |       |       |       |       |     4 |    10 |       |       ||    14
       Demon blade       |       |       |       |       |       |       |     6 |    13 ||    19
 Fire: Sling             |    74 |    24 |       |       |       |       |       |       ||    98
       Shortbow          |       |    47 |   153 |   169 |   183 |   146 |       |       ||   698
       Arbalest          |       |       |       |       |       |    59 |       |       ||    59
Throw: Throwing net      |       |       |       |     2 |       |       |       |       ||     2
       Dart              |       |       |       |     4 |       |       |       |       ||     4
       Javelin           |       |       |       |     2 |     2 |     2 |       |       ||     6
 Cast: Slow              |       |    28 |    98 |   101 |       |       |       |       ||   227
       Mephitic Cloud    |       |       |     5 |    74 |   101 |    56 |     2 |       ||   238
       Sticky Flame      |       |       |       |     1 |    69 |    73 |    35 |    11 ||   189
       Freeze            |       |       |       |     1 |       |       |       |       ||     1
       Conjure Flame     |       |       |       |       |    51 |    20 |       |       ||    71
       Olgreb's Toxic Ra |       |       |       |       |    39 |    92 |   201 |    45 ||   377
       Orb of Destructio |       |       |       |       |   142 |   301 |   272 |   221 ||   936
       Ignite Poison     |       |       |       |       |    31 |   114 |   295 |    69 ||   509
       Fireball          |       |       |       |       |       |    75 |    51 |    34 ||   160
       Sublimation of Bl |       |       |       |       |       |    14 |    12 |    33 ||    59
       Ozocubu's Armour  |       |       |       |       |       |       |     8 |     4 ||    12
       Fire Storm        |       |       |       |       |       |       |       |     2 ||     2
 Abil: Dig               |     1 |       |     3 |       |    10 |     5 |     3 |     3 ||    25
       Shaft Self        |       |     3 |     1 |       |     3 |     5 |     5 |    13 ||    30
Evoke: Wand              |       |       |       |     4 |       |     1 |     1 |     6 ||    12
       Phial of floods   |       |       |       |     1 |     1 |       |     1 |       ||     3
  Use: Scroll            |       |     3 |     4 |     7 |     3 |    11 |    10 |       ||    38
       Potion            |       |       |       |     7 |     3 |     5 |    10 |     2 ||    27
 Stab: Sleeping          |       |       |     1 |     2 |     1 |       |       |       ||     4
       Held in net/web   |       |       |       |     1 |       |       |       |       ||     1
       Confused          |       |       |       |    26 |    15 |    10 |       |       ||    51
Armor: Robe              |     4 |       |       |       |       |       |       |       ||     4
       Leather armour    |     1 |    30 |    28 |   166 |   217 |   145 |    60 |       ||   647
       Troll leather arm |       |       |       |       |       |       |    48 |    40 ||    88
Dodge: Dodged            |    14 |    28 |    91 |   260 |   257 |   198 |   133 |    57 ||  1038
Block: Buckler           |       |     4 |    30 |   108 |   110 |   114 |   175 |   122 ||   663
       Reflection        |       |       |       |       |       |       |     3 |    10 ||    13

Table legend: (Time is in decaauts)
 A = Elapsed time spent in this place.
 B = Non-inter-level travel time spent in this place.
 C = Inter-level travel time spent in this place.
 D = Time resting spent in this place.
 E = Time spent auto-exploring this place.
 F = Levels seen in this place.
 G = Mean time per level.
                   A        B        C        D        E       F      G
               +--------+--------+--------+--------+--------+-----+--------+
         Total |  78350 |  71237 |   7113 |  32011 |  13430 |  40 | 1958.8 |
       Dungeon |  31897 |  27628 |   4269 |  10123 |   7403 |  15 | 2126.5 |
        Temple |     89 |     77 |     12 |      0 |     54 |   1 |   89.0 |
          Lair |  11880 |  11118 |    762 |   5664 |   1513 |   5 | 2376.0 |
         Swamp |   6955 |   6712 |    243 |   3831 |    695 |   4 | 1738.8 |
   Spider Nest |   8294 |   7643 |    651 |   3654 |   1242 |   4 | 2073.5 |
    Slime Pits |      1 |      1 |      0 |      0 |      0 |   1 |    1.0 |
  Orcish Mines |   2686 |   2431 |    255 |    981 |    565 |   2 | 1343.0 |
   Elven Halls |   6699 |   6369 |    330 |   2909 |    937 |   3 | 2233.0 |
        Vaults |     52 |     52 |      0 |      0 |      0 |   1 |   52.0 |
        Depths |   9792 |   9202 |    590 |   4849 |   1021 |   4 | 2448.0 |
               +--------+--------+--------+--------+--------+-----+--------+

Top non-repeatable levels by time:
Depths:4: 4527 daAuts
    D:11: 4525 daAuts
  Lair:5: 3519 daAuts
Spider:3: 3040 daAuts
Depths:2: 2987 daAuts
    D:13: 2944 daAuts
   Elf:2: 2888 daAuts
     D:9: 2539 daAuts
    D:15: 2535 daAuts
 Swamp:3: 2532 daAuts
    D:12: 2506 daAuts
     D:7: 2485 daAuts
  Lair:1: 2438 daAuts
     D:5: 2425 daAuts
   Elf:3: 2335 daAuts
